 Dungeon Crawl Stone Soup version 0.29.1-12-g30fa7ad0bf (webtiles) character file.

Game seed: 841705371828772307

0 FaviusArthum the Ducker (level 1, -1/13 HPs)
             Began as a Deep Elf Abyssal Knight on Jan 7, 2023.
             Was a Follower of Lugonu.
             Frozen to death by an endoplasm (4 damage)
             ... on level 1 of the Dungeon.
             The game lasted 00:02:24 (456 turns).

FaviusArthum the Ducker (Deep Elf Abyssal Knight)    Turns: 456, Time: 00:02:24

Health: -1/13      AC:  3    Str: 10    XL:     1   Next: 8%
Magic:  4/4        EV: 12    Int: 14    God:    Lugonu [*.....]
Gold:   17         SH:  0    Dex: 15    Spells: 0/0 levels left

rFire   . . .      SeeInvis .   f - staff of death
rCold   . . .      Faith    .   (no shield)
rNeg    + . .      Spirit   .   b - +0 leather armour
rPois   .          Reflect  .   (no helmet)
rElec   .          Harm     .   (no cloak)
rCorr   .          Rampage  .   (no gloves)
Will    .....                   (no boots)
Stlth   +.........              (no amulet)
HPRegen 0.04/turn               (no ring)
MPRegen 0.09/turn               (no ring)

@: no status effects
A: no striking features
a: Renounce Religion, Depart the Abyss


You were on level 1 of the Dungeon.
You worshipped Lugonu.
Lugonu was aware of your devotion.
You visited 1 branch of the dungeon, and saw 1 of its levels.
You visited the Abyss 1 time.

You collected 17 gold pieces.

Inventory:

Hand Weapons
 a - a +1 spear
 h - a +0 mace
Armour
 b - a +0 leather armour (worn)
Magical Staves
 f - a staff of death (weapon)
Scrolls
 e - 2 scrolls of teleportation
Potions
 c - a potion of degeneration {unknown}
 d - a potion of attraction {unknown}


   Skills:
 + Level 2.4 Fighting
 + Level 1.4 Polearms
 + Level 0.7 Armour
 + Level 2.4 Dodging
 + Level 2.0 Invocations


You couldn't memorise any spells.
You didn't know any spells.
Your spell library was empty.

Dungeon Overview and Level Annotations

Branches:
Dungeon (1/15)

Altars:


Message History

Found a short sword.
You open the door.
Found a scroll labelled ZUROULO OMEFO.
There is an open door here.
g - a scroll labelled ZUROULO OMEFO
As you read the scroll labelled OFFECITUSM, it crumbles to dust.
You feel strangely unstable.
It was a scroll of teleportation.
Your surroundings suddenly seem different.
Found a mace.
You see here a +0 mace.
h - a +0 mace
As you read the scroll labelled ZUROULO OMEFO, it crumbles to dust.
You assume a fearsome visage.
Nothing appears to happen.
It was a scroll of fear.
Found 6 gold pieces.
Found a faded altar of an unknown god.
The great orb of eyes turns its gaze towards you.
A goblin and an endoplasm come into view.
The goblin shouts!
The golden eye turns its gaze towards you.
You don't know any spells.
Okay, then.
The golden eye turns its gaze towards you.
The endoplasm freezes you.
You are frozen.
You hit the endoplasm but do no damage. The endoplasm barely misses you.
The endoplasm completely misses you. The goblin hits you but does no damage.
The endoplasm attacks as you move away! The endoplasm hits you.
The goblin closely misses you. The endoplasm attacks as you move away!
The endoplasm closely misses you.
You hit the endoplasm.
The endoplasm is moderately wounded.
The endoplasm hits you. The goblin hits you but does no damage.
The goblin attacks as you move away! The goblin hits you with a +0 dagger.
* * * LOW HITPOINT WARNING * * *
The endoplasm misses you.
You hit the goblin.
The goblin is severely wounded.
The endoplasm freezes you.
You are frozen.
You die...

###### #####.....#
#.........# #.........#
##############.........#
.......................+
#......#.#####.......#
#......#..####.......#
#....@g......#.......#
#..###J..###.#....####
#..#G#...#G# #....# ##
###...### #....#
#...........#....#
#......._.$...#....# ###
##............######
..## ##.###...###.# ...#
#.#G#...#G#.#


You could see a great orb of eyes, an endoplasm and a goblin.

Vanquished Creatures
  A rat (D:1)
1 creature vanquished.

Notes
Turn   | Place    | Note
-------+----------+-------------------------------------------
     0 | Abyss:1  | FaviusArthum the Deep Elf Abyssal Knight began the quest
                  | for the Orb.
     0 | Abyss:1  | Reached XP level 1. HP: 13/13 MP: 4/4
    88 | Abyss:1  | Found a corrupted altar of Lugonu.
   100 | Abyss:1  | Found a corrupted altar of Lugonu.
   102 | Abyss:1  | Noticed a smoke demon
   103 | D:1      | Escaped the Abyss
   443 | D:1      | Found a faded altar of an unknown god.
   444 | D:1      | Noticed a great orb of eyes
   446 | D:1      | Noticed a golden eye
   447 | D:1      | Noticed a floating eye
   447 | D:1      | Noticed a golden eye
   456 | D:1      | Frozen to death by an endoplasm

Illustrated notes

Levels and vault maps discovered:
D:1:      dpeg_arrival_water_fire, layout_basic,
          hellmonk_ecumenical_altar_watching_god, kennysheep_flooded_box

Action                   || total
-------------------------++-------
Melee: Spear             ||     5
       Staff             ||     3
Invok: Depart the Abyss  ||     1
  Use: Scroll            ||     2
Armor: Leather armour    ||     2
Dodge: Dodged            ||     8
